R+ - U24
MISSOULA OSPREY @ MEDICINE HAT STAMPEDE
06/21/2052
 
TOP OF THE 1ST
Welch Miners batting - Pitching for Princeton Rays : RHP Chris Spangler
Pitching: RHP Chris Spangler
Batting: SHB Branson Glover 0-0: Ball
1-0: Swinging Strike
1-1: Swinging Strike
1-2: Ball
2-2: Ball
3-2: Foul Ball, location: 2F
3-2: Foul Ball, location: 2F
3-2: Base on Balls
Batting: SHB Elijah Cantoral 0-0: Ball
1-0: Ball
2-0: Called Strike
2-1: Ball
3-1: Base on Balls
Branson Glover to second
Batting: RHB Cooper Gray 0-0: Ball
1-0: Foul Ball, location: 2F
1-1: Fly out, F7 (Flyball, 7, EV 92.5 MPH)
Batting: LHB Gianni McCardle 0-0: Ball
1-0: Ball
2-0: Ball
3-0: Called Strike
3-1: Base on Balls
Branson Glover to third
Elijah Cantoral to second
Batting: LHB Camden Zimmerman 0-0: Fly out, F9 (Flyball, 89XD, EV 102.5 MPH)
Runner from 3rd tags up, SCORES, no throw by RF
Batting: RHB Orestes Sanabria 0-0: Called Strike
0-1: Ball
1-1: Ground out U3 (Groundball, 34, EV 101.9 MPH)
Top of the 1st over - 1 run, 0 hits, 0 errors, 2 left on base; Welch 1 - Princeton 0
BOTTOM OF THE 1ST
Princeton Rays batting - Pitching for Welch Miners : RHP Matt Casey
Pitching: RHP Matt Casey
Batting: RHB Jeremias Wilkinson 0-0: Ball
1-0: Ball
2-0: Ball
3-0: Called Strike
3-1: Base on Balls
Batting: RHB Scott Recer 0-0: Swinging Strike
0-1: Ball
Jeremias Wilkinson steals 2nd, throwing error, E2
Jeremias Wilkinson to third
1-1: Ball
2-1: Ball
3-1: Base on Balls
Batting: LHB Everett Keagy 0-0: Fly out, F9 (Flyball, BS7, EV 107.5 MPH)
Runner from 3rd tags up, SCORES, no throw by RF
Batting: RHB Ezekiel Neves 0-0: Foul Ball, location: 2F
0-1: Called Strike
0-2: Ball
1-2: Strikes out swinging
Batting: LHB Camden Boyer 0-0: Ball
1-0: Ball
2-0: Ball
3-0: Base on Balls
Scott Recer to second
Batting: RHB Josh Dunn 0-0: Foul Ball, location: 2F
0-1: Called Strike
0-2: Ball
1-2: Foul Ball, location: 2F
1-2: Strikes out looking
Bottom of the 1st over - 1 run, 0 hits, 1 error, 2 left on base; Welch 1 - Princeton 1
TOP OF THE 2ND
Welch Miners batting - Pitching for Princeton Rays : RHP Chris Spangler
Batting: SHB Luke Branscome 0-0: Ball
1-0: Called Strike
1-1: Foul Ball, location: 2F
1-2: Foul Ball, location: 2F
1-2: Ground out 4-3 (Groundball, 4, EV 90.0 MPH)
Batting: SHB Anthony Jackson 0-0: Swinging Strike
0-1: Ball
1-1: Foul Ball, location: 2F
1-2: SINGLE (Groundball, 6M, EV 86.2 MPH) (infield hit)
Batting: RHB Alvin Galens 0-0: Ball
1-0: Fly out, F7 (Flyball, 7LM, EV 102.5 MPH)
Batting: SHB Branson Glover 0-0: Called Strike
0-1: Foul Ball, location: 2F
0-2: Foul Ball, location: 2F
0-2: Ball
1-2: Strikes out looking
Top of the 2nd over - 0 runs, 1 hit, 0 errors, 1 left on base; Welch 1 - Princeton 1
BOTTOM OF THE 2ND
Princeton Rays batting - Pitching for Welch Miners : RHP Matt Casey
Batting: RHB Akema Davis 0-0: Bunted foul
0-1: Ground out 4-3 (Groundball, 4M, EV 81.9 MPH)
Batting: RHB Ian Miller 0-0: Ball
1-0: Called Strike
1-1: Called Strike
1-2: Fly out, F8 (Flyball, 8RD, EV 81.2 MPH)
Batting: RHB Donald Bennett 0-0: SINGLE (Groundball, 6MD, EV 103.8 MPH)
Batting: RHB Jeremias Wilkinson 0-0: Ball
1-0: Foul Ball, location: 2F
1-1: Ball
2-1: Ball
3-1: Base on Balls
Donald Bennett to second
Batting: RHB Scott Recer 0-0: Called Strike
0-1: Ball
1-1: Ball
2-1: Fly out, F8 (Flyball, 8RXD, EV 96.2 MPH)
Bottom of the 2nd over - 0 runs, 1 hit, 0 errors, 2 left on base; Welch 1 - Princeton 1
TOP OF THE 3RD
Welch Miners batting - Pitching for Princeton Rays : RHP Chris Spangler
Batting: SHB Elijah Cantoral 0-0: Ball
1-0: Ball
2-0: Ground out U3 (Groundball, 3L, EV 91.2 MPH)
Batting: RHB Cooper Gray 0-0: Called Strike
0-1: Ball
1-1: Ground out 5-3 (Groundball, 56S, EV 83.8 MPH)
Batting: LHB Gianni McCardle 0-0: Fly out, F8 (Flyball, 78M, EV 76.2 MPH)
Top of the 3rd over - 0 runs, 0 hits, 0 errors, 0 left on base; Welch 1 - Princeton 1
BOTTOM OF THE 3RD
Princeton Rays batting - Pitching for Welch Miners : RHP Matt Casey
Batting: LHB Everett Keagy 0-0: Called Strike
0-1: Ground out 4-3 (Groundball, 4, EV 81.9 MPH)
Batting: RHB Ezekiel Neves 0-0: Ball
1-0: Swinging Strike
1-1: SINGLE (Line Drive, 9S, EV 98.1 MPH)
Batting: LHB Camden Boyer 0-0: Called Strike
0-1: Ball
1-1: Ball
2-1: Foul Ball, location: 2F
2-2: Ball
3-2: Foul Ball, location: 2F
3-2: Base on Balls
Ezekiel Neves to second
Batting: RHB Josh Dunn 0-0: Ball
1-0: Called Strike
1-1: Fly out, F8 (Flyball, 8LD, EV 91.9 MPH)
Runner from 2nd tags up, SAFE at 3rd with throw by CF
Batting: RHB Akema Davis 0-0: Fly out, F8 (Line Drive, 8LM, EV 92.5 MPH)
Bottom of the 3rd over - 0 runs, 1 hit, 0 errors, 2 left on base; Welch 1 - Princeton 1
TOP OF THE 4TH
Welch Miners batting - Pitching for Princeton Rays : RHP Chris Spangler
Batting: LHB Camden Zimmerman 0-0: Ball
1-0: Foul Ball, location: 2F
1-1: Ground out 4-3 (Groundball, 4D, EV 101.9 MPH)
Batting: RHB Orestes Sanabria 0-0: Ball
1-0: Swinging Strike
1-1: Ball
2-1: Swinging Strike
2-2: Ball
3-2: Base on Balls
Batting: SHB Luke Branscome 0-0: Fly out, F7 (Flyball, 7, EV 84.4 MPH)
Batting: SHB Anthony Jackson 0-0: Ball
1-0: Swinging Strike
1-1: Foul Ball, location: 2F
1-2: Fly out, F8 (Flyball, 8RD, EV 102.5 MPH)
Top of the 4th over - 0 runs, 0 hits, 0 errors, 1 left on base; Welch 1 - Princeton 1
BOTTOM OF THE 4TH
Princeton Rays batting - Pitching for Welch Miners : RHP Matt Casey
Batting: RHB Ian Miller 0-0: Called Strike
0-1: Ball
1-1: Foul Ball, location: 2F
1-2: SOLO HOME RUN (Flyball, 78XD, EV 109.4 MPH), Distance : 410 ft
Batting: RHB Donald Bennett 0-0: SINGLE (Line Drive, 78S, EV 90.0 MPH)
Batting: RHB Jeremias Wilkinson 0-0: Grounds into double play, 6-4-3 (Groundball, 6, EV 103.1 MPH)
Batting: RHB Scott Recer 0-0: Ball
1-0: Ball
2-0: Ball
3-0: Called Strike
3-1: Base on Balls
Batting: LHB Everett Keagy 0-0: Ball
Scott Recer is caught stealing 2nd base 2-6
Bottom of the 4th over - 1 run, 2 hits, 0 errors, 0 left on base; Welch 1 - Princeton 2
TOP OF THE 5TH
Welch Miners batting - Pitching for Princeton Rays : RHP Chris Spangler
Batting: RHB Alvin Galens 0-0: Ball
1-0: Ball
2-0: Ball
3-0: Called Strike
3-1: Reached on error, E6 (Groundball, 6, EV 85.6 MPH)
Batting: SHB Branson Glover 0-0: Ball
1-0: Fly out, F9 (Flyball, 9LM, EV 101.9 MPH)
Batting: SHB Elijah Cantoral 0-0: Ground out 4-3 (Groundball, 34D, EV 103.1 MPH)
Alvin Galens to third
Batting: RHB Cooper Gray 0-0: Fly out, F8 (Line Drive, 8RD, EV 98.8 MPH)
Top of the 5th over - 0 runs, 0 hits, 1 error, 1 left on base; Welch 1 - Princeton 2
BOTTOM OF THE 5TH
Princeton Rays batting - Pitching for Welch Miners : RHP Matt Casey
Batting: LHB Everett Keagy 0-0: Foul Ball, location: 2F
0-1: Ground out 6-3 (Groundball, 6, EV 78.8 MPH)
Batting: RHB Ezekiel Neves 0-0: Fly out, F9 (Flyball, 9LD, EV 99.4 MPH)
Batting: LHB Camden Boyer 0-0: Called Strike
0-1: Foul Ball, location: 2F
0-2: Ball
1-2: Foul Ball, location: 2F
1-2: Strikes out swinging
Bottom of the 5th over - 0 runs, 0 hits, 0 errors, 0 left on base; Welch 1 - Princeton 2
TOP OF THE 6TH
Welch Miners batting - Pitching for Princeton Rays : RHP Chris Spangler
Batting: LHB Gianni McCardle 0-0: Ball
1-0: SOLO HOME RUN (Flyball, 9LD, EV 93.8 MPH), Distance : 356 ft
Batting: LHB Camden Zimmerman 0-0: Ball
1-0: Ball
2-0: Foul Ball, location: 2F
2-1: Fly out, F8 (Flyball, 78M, EV 83.1 MPH)
Batting: RHB Orestes Sanabria 0-0: Called Strike
0-1: Swinging Strike
0-2: Strikes out swinging
Batting: SHB Luke Branscome 0-0: Ball
1-0: Swinging Strike
1-1: Foul Ball, location: 2F
1-2: Foul Ball, location: 2F
1-2: Ball
2-2: Strikes out swinging
Top of the 6th over - 1 run, 1 hit, 0 errors, 0 left on base; Welch 2 - Princeton 2
BOTTOM OF THE 6TH
Princeton Rays batting - Pitching for Welch Miners : RHP Matt Casey
Batting: RHB Josh Dunn 0-0: Foul Ball, location: 2F
0-1: Ball
1-1: Foul Ball, location: 2F
1-2: SOLO HOME RUN (Flyball, 7LD, EV 94.4 MPH), Distance : 352 ft
Batting: RHB Akema Davis 0-0: Ball
1-0: Ball
2-0: Called Strike
2-1: Ground out 2-3 (Groundball, 15S, EV 71.9 MPH)
Batting: RHB Ian Miller 0-0: Called Strike
0-1: Ball
1-1: Ground out 6-3 (Groundball, 6, EV 88.1 MPH)
Batting: RHB Donald Bennett 0-0: Foul Ball, location: 2F
0-1: Foul Ball, location: 2F
0-2: Foul Ball, location: 2F
0-2: Strikes out looking
Bottom of the 6th over - 1 run, 1 hit, 0 errors, 0 left on base; Welch 2 - Princeton 3
TOP OF THE 7TH
Welch Miners batting - Pitching for Princeton Rays : RHP Chris Spangler
Batting: SHB Anthony Jackson 0-0: Ball
1-0: Ball
2-0: Called Strike
2-1: Fly out, F8 (Line Drive, 8LD, EV 105.6 MPH)
Batting: RHB Alvin Galens 0-0: Ball
1-0: Fly out, F9 (Flyball, 89M, EV 94.4 MPH)
Batting: SHB Branson Glover 0-0: Swinging Strike
0-1: Foul Ball, location: 2F
0-2: Fly out, F8 (Line Drive, 8LD, EV 90.0 MPH)
Top of the 7th over - 0 runs, 0 hits, 0 errors, 0 left on base; Welch 2 - Princeton 3
BOTTOM OF THE 7TH
Princeton Rays batting - Pitching for Welch Miners : RHP Matt Casey
Batting: RHB Jeremias Wilkinson 0-0: Ball
1-0: Ball
2-0: Ball
3-0: Base on Balls
Batting: RHB Scott Recer 0-0: Ball
1-0: Called Strike
1-1: Sac Bunt to 13 - play at first, batter OUT! 1-4
Jeremias Wilkinson to second
Batting: LHB Everett Keagy 0-0: Intentional Walk
Batting: RHB Ezekiel Neves 0-0: Called Strike
0-1: Ball
1-1: Foul Ball, location: 2F
1-2: Fielders Choice at 2nd, 5-4 (Groundball, 5, EV 102.5 MPH)
Jeremias Wilkinson to third
Pitching: RHP Owen Fiske
Batting: LHB Camden Boyer 0-0: Ball
Ezekiel Neves steals 2nd base
1-0: Ball
2-0: Foul Ball, location: 2F
2-1: Foul Ball, location: 2F
2-2: Ball
3-2: Foul Ball, location: 2F
3-2: Ground out 5-3 (Groundball, 56S, EV 88.8 MPH)
Bottom of the 7th over - 0 runs, 0 hits, 0 errors, 2 left on base; Welch 2 - Princeton 3
TOP OF THE 8TH
Welch Miners batting - Pitching for Princeton Rays : RHP Chris Spangler
Batting: SHB Elijah Cantoral 0-0: Ball
1-0: SINGLE (Flyball, 5D, EV 94.4 MPH)
Batting: RHB Cooper Gray 0-0: Ball
1-0: Fly out, F6 (Line Drive, 6, EV 71.9 MPH)
Batting: LHB Gianni McCardle 0-0: Grounds into double play, 4-6-3 (Groundball, 4, EV 86.2 MPH)
Top of the 8th over - 0 runs, 1 hit, 0 errors, 0 left on base; Welch 2 - Princeton 3
BOTTOM OF THE 8TH
Princeton Rays batting - Pitching for Welch Miners : RHP Owen Fiske
Batting: RHB Josh Dunn 0-0: Ball
1-0: SINGLE (Groundball, 3D, EV 111.9 MPH)
Batting: RHB Akema Davis 0-0: Bunted foul
0-1: Ball
1-1: Sac Bunt to 3S - play at first, batter OUT! 3-1
Josh Dunn to second
Batting: RHB Ian Miller 0-0: Swinging Strike
0-1: Ball
1-1: Foul Ball, location: 2F
1-2: Fly out, F3 (Popup, 34, EV 65.0 MPH)
Batting: RHB Donald Bennett 0-0: Called Strike
0-1: Ball
1-1: Fly out, F7 (Flyball, 78D, EV 103.1 MPH)
Bottom of the 8th over - 0 runs, 1 hit, 0 errors, 1 left on base; Welch 2 - Princeton 3
TOP OF THE 9TH
Welch Miners batting - Pitching for Princeton Rays : RHP Chris Spangler
Pitching: RHP Jaisel Cuevas
Batting: LHB Camden Zimmerman 0-0: Swinging Strike
0-1: Called Strike
0-2: Ball
1-2: Ball
2-2: Strikes out swinging
Pinch Hitting: RHB Cade Pylypchuk 0-0: Called Strike
0-1: Ball
1-1: Foul Ball, location: 2F
1-2: Foul Ball, location: 2F
1-2: Foul Ball, location: 2F
1-2: Ball
2-2: Ball
3-2: Foul Ball, location: 2F
3-2: Fly out, F8 (Flyball, 89XD, EV 86.9 MPH)
Pinch Hitting: LHB Earnest Ellis 0-0: Called Strike
0-1: Foul Ball, location: 2F
0-2: Foul Ball, location: 2F
0-2: Ball
1-2: Foul Ball, location: 2F
1-2: Ball
2-2: Ball
3-2: Ground out U3 (Groundball, 3, EV 107.5 MPH)
Top of the 9th over - 0 runs, 0 hits, 0 errors, 0 left on base; Welch 2 - Princeton 3
Thursday, April 25th , 2024 - OOTP Baseball 24.11 Build 85